Map: Darkness Sanctuary LE

Players

Denver - Winner!

  • Race: Zerg Zerg
  • Spawn Location: 11:00

Mamba

  • Race: Zerg Zerg
  • Spawn Location: 7:00

Event: WCS Valencia 2018

VOD

Have the link to the VOD?

Description

Time

  • Played on: July 12, 2018, 8:38 a.m.
  • Length: 8:09

All games in this series

Show
View Real Time Build Order
Export as new Build Order

Denver Zerg - Winner!

Build Orders: Hatch First, Zergling Baneling 

Get SALT Encoding   

  12  0:00  Drone  
  13  0:12  Overlord  
  13  0:17  Drone  
  14  0:31  Drone x2  
  14  0:35  Drone  
  17  0:51  Hatchery  
  17  0:54  Drone  
  17  0:58  Drone  
  18  1:08  Extractor  
  17  1:14  Spawning Pool  
  17  1:17  Drone  
  17  1:21  Drone  
  18  1:29  Drone  
  19  1:39  Overlord  
  19  1:49  Drone  
  20  2:00  Queen  
  22  2:02  Zergling x2  
  22  2:03  Zergling x2, Queen  
  22  2:08  Metabolic Boost  
  26  2:12  Drone  
  28  2:15  Drone  
  28  2:23  Drone  
  29  2:39  Hatchery, Drone  
  29  2:44  Baneling Nest  
  29  2:45  Drone  
  29  2:51  Drone x2  
  31  2:56  Overlord  
  30  3:00  Zergling x2  
  30  3:01  Zergling x2  
  32  3:07  Drone  
  32  3:12  Zergling x4  
  35  3:16  Zergling x6  
  38  3:22  Drone x2  
  38  3:26  Overlord  
  40  3:30  Baneling  
  40  3:31  Baneling x2  
  40  3:33  Drone x2  
  42  3:36  Baneling  
  42  3:37  Drone  
  43  3:44  Drone  
  43  3:45  Drone x3  
  47  3:54  Drone x2  
  47  3:56  Queen  
  47  3:59  Drone x2  
  47  4:01  Extractor  
  50  4:04  Baneling  
  50  4:12  Zergling x6  
  50  4:16  Extractor, Roach Warren  
  50  4:17  Zergling x6  
  52  4:19  Drone  
  54  4:30  Overlord, Drone x2  
  54  4:37  Overlord x2  
  54  4:38  Baneling x2  
  54  4:42  Overlord  
  54  4:47  Baneling x2  
  54  4:51  Drone  
  54  4:52  Drone x4  
  58  4:53  Overlord  
  58  4:56  Overlord  
  58  4:57  Roach  
  60  5:00  Roach  
  60  5:05  Roach  
  60  5:07  Roach  
  66  5:13  Roach  
  66  5:14  Roach x2  
  68  5:17  Roach x2  
  71  5:23  Roach x2  
  71  5:27  Overlord  
  75  5:29  Roach x2  
  75  5:33  Roach  
  75  5:34  Roach  
  83  5:40  Roach x2  
  87  5:44  Roach x2  
  87  5:45  Zergling x2  
  92  5:51  Zergling x2  
  92  5:52  Zergling x6  
  92  5:55  Ravager x2  
  96  5:59  Drone x5  
  96  6:03  Drone  
  102  6:05  Evolution Chamber, Drone  
  102  6:09  Drone x3  
  105  6:14  Lair  
  105  6:21  Zergling x2  
  105  6:22  Zergling x8  
  108  6:26  Overlord  
  108  6:29  Drone x2  
  108  6:30  Extractor, Drone  
  108  6:31  Drone  
  111  6:35  Ravager x2  
  111  6:38  Overlord  
  113  6:40  Overlord  
  113  6:46  Overlord  
  112  6:50  Overlord  
  112  6:51  Roach x4  
  120  6:56  Roach  
  120  6:57  Overlord, Roach  
  120  7:00  Roach  
  120  7:01  Roach  
  127  7:10  Ravager x2  
  127  7:11  Zergling x14  
  134  7:18  Zergling x2  
  134  7:21  Drone  
  136  7:26  Zergling x8, Roach x3  
  136  7:27  Zergling x2  
  147  7:33  Baneling x3  
  144  7:39  Zergling x6, Roach x2  
  146  7:48  Roach x3  
Show
View Real Time Build Order
Export as new Build Order

Mamba Zerg 

Build Orders: Hatch First, Zergling Baneling 

Get SALT Encoding   

  12  0:00  Drone  
  13  0:12  Overlord  
  13  0:17  Drone  
  14  0:30  Drone  
  14  0:31  Drone  
  14  0:35  Drone  
  17  0:51  Hatchery  
  17  0:55  Drone  
  17  0:58  Drone  
  18  1:05  Extractor  
  17  1:14  Spawning Pool  
  17  1:17  Drone  
  17  1:21  Drone  
  18  1:30  Drone  
  19  1:43  Overlord  
  20  1:54  Drone  
  20  2:00  Queen  
  22  2:01  Drone  
  22  2:03  Queen  
  22  2:04  Metabolic Boost  
  22  2:08  Drone  
  26  2:12  Drone  
  26  2:14  Drone  
  28  2:24  Drone  
  28  2:27  Zergling x2  
  30  2:33  Zergling x2  
  31  2:39  Hatchery  
  31  2:42  Zergling x2  
  31  2:47  Baneling Nest  
  30  2:52  Drone x2  
  32  3:02  Overlord  
  32  3:04  Drone x2  
  34  3:08  Drone x2  
  36  3:16  Overlord  
  36  3:20  Zergling x8  
  36  3:23  Zergling x2  
  41  3:31  Baneling x4  
  41  3:35  Zergling x4  
  44  3:41  Zergling x4  
  44  3:47  Overlord  
  45  3:50  Drone x3, Roach Warren  
  43  3:55  Baneling  
  43  3:56  Drone x2  
  43  3:59  Zergling x2  
  46  4:03  Queen  
  48  4:10  Drone x3  
  48  4:14  Drone x2  
  46  4:17  Zergling x4  
  46  4:20  Zergling x2  
  49  4:30  Drone x4  
  51  4:34  Zergling x8  
  54  4:43  Zergling x2  
  54  4:44  Zergling x2  
  55  4:46  Baneling x2  
  55  4:50  Extractor  
  55  4:51  Zergling x2  
  55  4:52  Extractor, Zergling x8  
  57  4:54  Baneling x2  
  57  4:56  Drone  
  58  5:05  Drone x4  
  57  5:22  Overlord x2  
  57  5:29  Roach x4  
  57  5:31  Overlord  
  65  5:41  Roach  
  65  5:42  Roach x7  
  78  5:50  Drone x3  
  78  5:52  Roach x4  
  88  6:02  Overlord  
  88  6:09  Zergling x2  
  88  6:10  Zergling x2  
  90  6:11  Overlord x2  
  90  6:25  Roach x7  
  97  6:33  Roach  
  97  6:34  Roach x4  
  107  6:40  Zergling x8  
  109  6:47  Zergling x2  
  109  6:48  Zergling x6  
  113  6:58  Overlord x3  
  113  7:02  Overlord  
  109  7:17  Zergling x22  
  109  7:19  Ravager x4  
  109  7:21  Ravager x2  
  124  7:29  Overlord x2  
  124  7:32  Overlord  
  124  7:36  Overlord  
  123  7:48  Zergling x2  
  123  7:49  Zergling x12  
Tags
 
Add a new tag
Caveats
  • Supply blocks, unpowered buildings, or Contaminate may cause inaccurate times.
  • Supply counts are checked every 10 seconds.